 Dungeon Crawl Stone Soup version bcrawl-1.13.1 (webtiles) character file.

Game seed: 2974348313705705290

33051 Flugkiller the Devastator (level 13, -7/78 HPs)
             Began as a Skeleton Reaver on Aug 3, 2019.
             Was a High Priest of Vehumet.
             Mangled by a black mamba (12 damage)
             ... on level 6 of the Lair of Beasts.
             The game lasted 00:29:35 (20118 turns).

Flugkiller the Devastator (Skeleton Reaver)        Turns: 20118, Time: 00:29:36

Health: -7/78      AC: 17    Str: 19 (20) XL:     13   Next: 34%
Magic:  0/31       EV: 12    Int: 21 (22) God:    Vehumet [*****.]
Gold:   741        SH:  4    Dex:  6 (7)  Spells: 17/40 levels left

rFire    . . .     SeeInvis .   b - staff of air
rCold    + . .     Gourm    .   r - +0 buckler
rNeg     + + +     Faith    .   J - +0 scale mail
rPois    ∞         Spirit   +   m - +2 helmet
rElec    +         Reflect  .   (no cloak)
rCorr    .         Harm     .   p - +2 pair of gloves
MR       +....                  o - +2 pair of boots
Stlth    ..........             (no amulet)
HPRegen  0.23/turn              y - +3 ring of intelligence
MPRegen  0.22/turn              f - +3 ring of intelligence

@: no status effects
A: no food or potions, cold resistance 1, deterioration 1, negative energy
resistance 3, powered by death 1, torment resistance, unbreathing, magic shield,
sturdy frame 2, spell healing
a: Renounce Religion


You were on level 6 of the Lair of Beasts.
You worshipped Vehumet.
Vehumet was extremely pleased with you.
You were not hungry.

You visited 3 branches of the dungeon, and saw 14 of its levels.
You also visited: Sewer and Gauntlet.

You collected 846 gold pieces.
You spent 105 gold pieces at shops.

Inventory:

Hand Weapons
 a - the +12 spear "Poecvox" {pain, Int+2 Dex+3}
   (You took it off a minotaur in a Gauntlet)

   In the hands of one skilled in necromantic magic, it inflicts extra damage on
   living creatures.
   It affects your intelligence (+2).
   It affects your dexterity (+3).
Missiles
 k - 4 throwing nets (quivered) {!f}
Armour
 m - a +2 helmet (worn)
 o - a +2 pair of boots (worn)
 p - a +2 pair of gloves (worn)
 r - a +0 buckler (worn)
 v - +0 steam dragon scales
 J - a +0 scale mail (worn)
Magical Staves
 b - an uncursed staff of air (weapon)
 n - an uncursed staff of death
 C - an uncursed staff of cold
Jewellery
 f - a +3 ring of intelligence (right hand)
 g - an uncursed ring of protection from fire
 i - an uncursed ring of stealth
 u - an uncursed ring of insulation
 y - a +3 ring of intelligence (left hand)
 B - an uncursed amulet of rage {unknown}
 G - the ring "Wylygy" {Fire MR++}
   (You found it in a Gauntlet)

   [ring of fire]

   It enhances your fire magic.
   It protects you from fire.
   It makes you vulnerable to cold.
   It affects your resistance to hostile enchantments.
 H - the ring "Feomat" {+Fly MR+ Str+4, unknown}
   (You found it in a Gauntlet)

   [ring of flight]

   It affects your strength (+4).
   It affects your resistance to hostile enchantments.
   It lets you fly.
Wands
 s - a wand of paralysis (10)
 t - a wand of disintegration (5)
 w - a wand of flame (9)
 x - a wand of scattershot (3)
 z - a wand of polymorph (34)
 F - a wand of random effects (20)
Scrolls
 c - a scroll of immolation
 d - 4 scrolls of fog
 h - a scroll of magic mapping
 j - 7 scrolls of remove curse
 l - 4 scrolls of enchant weapon
 q - a scroll of fear
 A - a scroll of teleportation
 D - a scroll of noise {unknown}
 L - 2 scrolls of identify
Miscellaneous
 e - a box of beasts
 E - a phial of floods (inert)
 I - a lightning rod (1/4)
 K - a lamp of fire (inert)


   Skills:
 - Level 8.0 Fighting
 - Level 6.0 Polearms
 - Level 6.0 Armour
 + Level 5.6 Dodging
 - Level 4.1 Shields
 - Level 14.0 Spellcasting
 - Level 15.0 Conjurations
 - Level 3.6 Charms
 - Level 4.1 Summonings
 - Level 4.2 Ice Magic
 + Level 6.5 Air Magic


You had 17 spell levels left.
You knew the following spells:

 Your Spells              Type           Power        Failure   Level  Hunger
a - Magic Dart            Conj           ####         0%          1    N/A
b - Throw Frost           Conj/Ice       ######       1%          2    N/A
c - Iskenderun's Battles  Conj/Chrm      ######..     1%          5    N/A
d - Throw Icicle          Conj/Ice       ######..     1%          4    N/A
e - Conjure Ball Lightni  Conj/Air       ######....   3%          6    N/A
f - Summon Lightning Spi  Summ/Air       ######..     19%         5    N/A

Your spell library contained the following spells:

 Spells                   Type           Power        Failure   Level  Hunger
 Olgreb's Toxic Radiance  Pois           ##......     16%         4    N/A
 Bolt of Magma            Conj/Fire/Erth #####.....   6%          5    N/A
 Iron Shot                Conj/Erth      #####.....   11%         6    N/A
 Leda's Liquefaction      Hex/Erth       ##........   19%         3    N/A
 Silence                  Hex/Air        #####.....   41%         5    N/A
 Deflect Missiles         Chrm/Air       ######....   75%         6    N/A
 Shatter                  Erth           ##........   100%        9    N/A
 Tornado                  Air            ######....   100%        9    N/A
 Statue Form              Tmut/Erth      Unusable     N/A         6    N/A

Dungeon Overview and Level Annotations

Branches:
Dungeon (7/12)             Temple (1/1) D:5            Lair (6/6) D:7
 Shoals (0/3) Lair:3       Spider (0/3) Lair:4
  Slime: Lair:5-6

Altars:
Ashenzari
Cheibriados
Fedhas
Hepliaklqana
Nemelex Xobeh
Okawaru
Qazlal
Ru
Vehumet

Shops:
D:4 ?   D:5 =

Annotations:
D:3 Duvessa


Innate Abilities, Weirdness & Mutations

You do not eat or drink.
You are immune to poison.
Your flesh is cold resistant. (rC+)
Your body sometimes deteriorates upon taking damage.
You are immune to negative energy. (rN+++)
You regenerate a little health from kills.
You are immune to unholy pain and torment.
You can survive without breathing.
When hurt, damage is shared between your health and your magic reserves.
Your movements are less encumbered by armour. (ER -4)
Casting spells heals you.


Message History

* * * LOW HITPOINT WARNING * * *
A cane toad comes into view.
The black mamba bites you!
* * * LOW HITPOINT WARNING * * *
Unknown command.
Evoke which item? (* to show all) (? for menu, Esc to quit)
Aiming: Thunderbolt
Press: ? - help, Shift-Dir - straight line, f/p - yak
Aim: a yak (lightly wounded)
The thunderbolt hits the black mamba.
The black mamba is severely wounded.
The thunderbolt hits the yak.
The yak appears unharmed.
The yak is lightly wounded.
The thunderbolt hits the plant.
The plant appears unharmed.
The plant is heavily damaged.
You hear a bellow! x2; You hear a loud, deep croak!
The black mamba bites you.
* * * LOW HITPOINT WARNING * * *
The black mamba bites you!
You die...

P...##.....#...#....
.....##...##........
.....##...##..P..###
......#Y...#.....#
#.....F.....# ###
##...#P.....# . #..#
#...[#...#... #..#..#
####...#.###
.......##.@SY..P....
.......<...○.○°°....
#.....##...####.....#
###.. ##### #..##. ##
.## ##


You could see a black mamba, a yak and a cane toad.

Vanquished Creatures
  A minotaur (Gauntlet)
  5 hydras
  3 death yaks (Lair:4)
  A hell hog (Gauntlet)
  2 lindwurms (Lair:5)
  2 black mambas
  2 merfolk sirens (Lair:3)
  A smoke demon (Gauntlet)
  A torpor snail (Lair:3)
  6 cane toads
  A kobold demonologist (D:7)
  3 rime drakes
  6 komodo dragons
  An efreet (D:7)
  A troll (D:7)
  2 merfolk (Lair:3)
  A polar bear (Lair:3)
  4 hornets
  12 dream sheep
  8 blink frogs (Lair:4)
  Prince Ribbit (D:7)
  4 hippogriffs
  3 redbacks (Lair:4)
  2 shadows (Gauntlet)
  5 wyverns
  16 yaks
  3 basilisks
  Eustachio (D:5)
  3 fire bats (Gauntlet)
  Menkaure (D:7)
  A steam dragon (D:7)
  2 hell hounds (Gauntlet)
  9 porcupines
  7 water moccasins
  3 sky beasts
  3 ice beasts
  2 orc warriors
  A black bear (Lair:4)
  5 ogres
  11 wolves
  A phantom (D:7)
  16 crocodiles
  6 big kobolds
  7 bullfrogs
  A gnoll sergeant (D:7)
  Dowan (D:4)
  2 scorpions
  2 electric eels (Lair:4)
  6 howler monkeys
  5 crimson imps
  3 centaur skeletons
  2 orc priests
  A bullfrog skeleton (D:4)
  2 iguanas
  5 orc wizards
  3 worker ants
  2 hound skeletons
  8 gnolls
  11 adders
  A howler monkey skeleton (D:4)
  2 river rats (Sewer)
  A shadow imp (D:6)
  2 oozes (D:2)
  2 adder zombies (D:6)
  5 worms
  A dart slug (D:4)
  7 leopard geckos
  27 orcs
  8 bats
  3 giant cockroaches
  6 goblins
  8 hobgoblins
  26 jackals
  12 kobolds
  A quokka (D:5)
  A ball python (D:1)
  5 frilled lizards
  A quokka zombie (D:5)
  8 rats
  14 fungi
  12 plants
383 creatures vanquished.

Vanquished Creatures (collateral kills)
  A ball lightning (Lair:4)
  A black mamba (Lair:4)
2 creatures vanquished.

Vanquished Creatures (others)
  124 ball lightnings
  A bush (Lair:4)
  10 fungi
  40 plants
175 creatures vanquished.

Grand Total: 560 creatures vanquished

Notes
Turn   | Place    | Note
-------+----------+-------------------------------------------
     0 | D:1      | Flugkiller the Skeleton Reaver began the quest for the Orb.
     0 | D:1      | Reached XP level 1. HP: 14/14 MP: 4/4
   128 | D:1      | Reached XP level 2. HP: 19/19 MP: 6/6
   668 | D:2      | Reached * piety under Vehumet
   668 | D:2      | Offered knowledge of Magic Dart by Vehumet.
   671 | D:2      | Learned a level 1 spell: Magic Dart
   787 | D:2      | Reached XP level 3. HP: 23/23 MP: 7/7
   854 | D:2      | Reached skill level 1 in Conjurations
  1612 | D:3      | Found a sacrificial altar of Ru.
  1612 | D:3      | Found a shattered altar of Ashenzari.
  1612 | D:3      | Found a hazy altar of Hepliaklqana.
  1634 | D:3      | Reached XP level 4. HP: 25/29 MP: 4/8
  1650 | D:3      | Offered knowledge of Throw Frost by Vehumet.
  1656 | D:3      | Reached ** piety under Vehumet
  1663 | D:3      | Learned a level 2 spell: Throw Frost
  1665 | D:3      | Found a stormy altar of Qazlal.
  1677 | D:3      | Found a snail-covered altar of Cheibriados.
  1678 | D:3      | Found a sparkling altar of Nemelex Xobeh.
  1738 | D:3      | Reached skill level 2 in Conjurations
  1800 | D:3      | Reached XP level 5. HP: 29/33 MP: 2/9
  1827 | D:3      | Found a glowing drain.
  1831 | Sewer    | Entered a sewer
  1915 | Sewer    | Reached skill level 5 in Polearms
  1915 | Sewer    | Reached skill level 1 in Ice Magic
  1971 | Sewer    | Found a white marble altar of Elyvilon.
  2080 | D:3      | Offered knowledge of Ignite Poison by Vehumet.
  2080 | D:3      | Reached skill level 3 in Conjurations
  2279 | D:3      | Gained mutation: You regenerate a little health from kills.
                  | [Skeleton growth]
  2279 | D:3      | Reached XP level 6. HP: 26/39 MP: 2/11
  2390 | D:3      | Found an iron altar of Okawaru.
  2753 | D:2      | Reached *** piety under Vehumet
  4137 | D:4      | Found Etzibaov's Magic Scroll Emporium.
  4145 | D:4      | Bought a scroll of blinking for 105 gold pieces
  4150 | D:4      | Noticed an ice beast
  4555 | D:4      | Noticed Duvessa
  4555 | D:4      | Noticed Dowan
  4625 | D:4      | HP: 1/39 [Duvessa/+4 short sword of draining (8)]
  5160 | D:4      | Learned a level 5 spell: Iskenderun's Battlesphere
  5267 | D:4      | Reached skill level 4 in Conjurations
  5267 | D:4      | Reached XP level 7. HP: 44/44 MP: 2/14
  5398 | D:4      | Reached skill level 1 in Charms
  5519 | D:4      | Killed Dowan
  6055 | D:3      | Found a sacrificial altar of Ru.
  6056 | D:3      | Found a shattered altar of Ashenzari.
  6058 | D:3      | Found a hazy altar of Hepliaklqana.
  6058 | D:3      | Found a stormy altar of Qazlal.
  6060 | D:3      | Found a snail-covered altar of Cheibriados.
  6061 | D:3      | Found a sparkling altar of Nemelex Xobeh.
  6223 | D:3      | Reached skill level 5 in Spellcasting
  6870 | D:5      | Entered Level 5 of the Dungeon
  6919 | D:5      | Offered knowledge of Sticky Flame by Vehumet.
  7326 | D:5      | Reached skill level 5 in Conjurations
  7326 | D:5      | Reached XP level 8. HP: 25/48 MP: 5/16
  7486 | D:5      | Found a staircase to the Ecumenical Temple.
  7488 | D:5      | Noticed Eustachio
  7506 | D:5      | Killed Eustachio
  7685 | D:5      | Found Rurinkur's Jewellery Shoppe.
  7917 | Temple   | Entered the Ecumenical Temple
  8384 | D:6      | Reached **** piety under Vehumet
  8384 | D:6      | Reached skill level 6 in Conjurations
  8691 | D:6      | Found a radiant altar of Vehumet.
  8863 | D:6      | Reached skill level 7 in Conjurations
  9224 | D:6      | Offered knowledge of Throw Icicle by Vehumet.
  9245 | D:6      | Learned a level 4 spell: Throw Icicle
  9381 | D:7      | Noticed a hornet
  9386 | D:7      | Killed a hornet
  9386 | D:7      | Reached XP level 9. HP: 48/52 MP: 10/21
  9521 | D:7      | Reached skill level 8 in Conjurations
  9533 | D:7      | Noticed Prince Ribbit
  9540 | D:7      | Killed Prince Ribbit
  9744 | D:7      | Noticed a kobold demonologist
  9889 | D:7      | Noticed a troll
  9894 | D:7      | Killed a troll
  9894 | D:7      | Reached skill level 5 in Fighting
  9894 | D:7      | Reached skill level 1 in Shields
 10087 | D:7      | Killed a kobold demonologist
 10087 | D:7      | Reached skill level 10 in Spellcasting
 10087 | D:7      | Reached skill level 9 in Conjurations
 10266 | D:7      | Reached ***** piety under Vehumet
 10440 | D:7      | Offered knowledge of Conjure Ball Lightning by Vehumet.
 10440 | D:7      | Gained mutation: Your movements are less encumbered by
                  | armour. (ER -4) [Skeleton growth]
 10440 | D:7      | Reached XP level 10. HP: 56/60 MP: 14/24
 10619 | D:7      | Learned a level 6 spell: Conjure Ball Lightning
 10875 | D:7      | Reached skill level 10 in Conjurations
 10954 | D:7      | Reached skill level 1 in Armour
 10964 | D:7      | Reached skill level 1 in Air Magic
 11151 | D:7      | Noticed Menkaure
 11155 | D:7      | Killed Menkaure
 11242 | D:7      | Found a staircase to the Lair.
 11286 | Lair:1   | Entered Level 1 of the Lair of Beasts
 11494 | Lair:1   | Reached skill level 11 in Conjurations
 12060 | Lair:1   | Noticed a cane toad
 12065 | Lair:1   | Killed a cane toad
 12065 | Lair:1   | Reached XP level 11. HP: 64/64 MP: 15/25
 12137 | Lair:1   | Reached skill level 12 in Conjurations
 12711 | Lair:2   | Noticed a six-headed hydra
 12717 | Lair:2   | Killed a six-headed hydra
 12717 | Lair:2   | Reached skill level 5 in Air Magic
 12784 | Lair:2   | Noticed a four-headed hydra
 12795 | Lair:2   | Killed a four-headed hydra
 12958 | Lair:2   | Reached skill level 13 in Conjurations
 13342 | Lair:2   | Found a blossoming altar of Fedhas.
 13902 | Lair:3   | Reached skill level 14 in Conjurations
 14105 | Lair:3   | Found a runed door.
 14576 | Lair:3   | Found a staircase to the Shoals.
 15157 | Lair:3   | Noticed a six-headed hydra
 15159 | Lair:3   | Reached skill level 15 in Conjurations
 15162 | Lair:3   | Killed a six-headed hydra
 15299 | Lair:4   | Reached XP level 12. HP: 49/71 MP: 5/26
 15300 | Lair:4   | Noticed an eight-headed hydra
 15672 | Lair:4   | Found a hole to the Spider Nest.
 15684 | Lair:4   | Noticed a death yak
 15685 | Lair:4   | Noticed a death yak
 15686 | Lair:4   | Found a gate leading to a gauntlet.
 15688 | Lair:4   | Noticed a death yak
 15692 | Lair:4   | Noticed a death yak
 15693 | Lair:4   | Killed a death yak
 15693 | Lair:4   | Killed a death yak
 15700 | Lair:4   | Noticed a death yak
 15713 | Gauntlet | Entered a Gauntlet
 15713 | Gauntlet | Found a transporter.
 15713 | Gauntlet | Found a transporter.
 15965 | Gauntlet | Found a transporter.
 15965 | Gauntlet | Found a transporter.
 15976 | Gauntlet | Found a transporter.
 15976 | Gauntlet | Found a transporter.
 15983 | Gauntlet | Noticed a hell hog
 15985 | Gauntlet | Found a transporter.
 15985 | Gauntlet | Found a transporter.
 16006 | Gauntlet | Found a transporter.
 16018 | Gauntlet | Found a transporter.
 16037 | Gauntlet | Found a transporter.
 16077 | Gauntlet | Found a transporter.
 16086 | Gauntlet | Found a transporter.
 16100 | Gauntlet | Found a transporter.
 16201 | Gauntlet | Found a transporter.
 16213 | Gauntlet | Found a transporter.
 16487 | Gauntlet | Noticed an alligator
 16487 | Gauntlet | a tyrant leech changed into an alligator
 16520 | Gauntlet | Killed a hell hog
 16545 | Gauntlet | Noticed an acid blob
 16548 | Gauntlet | Noticed an iron giant
 16548 | Gauntlet | an acid blob changed into an iron giant
 16549 | Gauntlet | Got a pair of jewelled boots
 16550 | Gauntlet | Noticed an iron dragon
 16550 | Gauntlet | an iron giant changed into an iron dragon
 16564 | Gauntlet | Identified the cursed -2 pair of boots of Daefofaa {Dex+3}
                  | (You found it in a Gauntlet)
 16567 | Gauntlet | Noticed an iron giant
 16567 | Gauntlet | an iron dragon changed into an iron giant
 16575 | Gauntlet | Noticed a golden dragon
 16575 | Gauntlet | an iron giant changed into a golden dragon
 16581 | Gauntlet | Noticed an iron dragon
 16581 | Gauntlet | a golden dragon changed into an iron dragon
 16626 | Gauntlet | Identified the +12 spear "Poecvox" {pain, Int+2 Dex+3}
 16626 | Gauntlet | Noticed a minotaur
 16632 | Gauntlet | Killed a minotaur
 16651 | Gauntlet | Got a pitted lapis lazuli ring
 16651 | Gauntlet | Got a scorched glass ring
 16652 | Gauntlet | Identified the ring "Wylygy" {Fire MR++} (You found it in a
                  | Gauntlet)
 16715 | Lair:4   | Offered knowledge of Olgreb's Toxic Radiance by Vehumet.
 16716 | Lair:4   | Killed a death yak
 16992 | Lair:4   | Learned a level 5 spell: Summon Lightning Spire
 17225 | Lair:4   | Reached skill level 1 in Summonings
 17328 | Lair:4   | Noticed a six-headed hydra
 17335 | Lair:4   | Killed a six-headed hydra
 17526 | Lair:4   | Got a shimmering war axe
 17529 | Lair:4   | Identified the +8 war axe of Sojale {elec, *Slow +Rage MP+9
                  | Str-3} (You found it on level 4 of the Lair of Beasts)
 17824 | Lair:4   | Killed an eight-headed hydra
 18063 | Lair:4   | Reached XP level 13. HP: 68/78 MP: 14/31
 18070 | Lair:4   | Reached skill level 5 in Armour
 19680 | Lair:5   | Reached skill level 5 in Dodging
 20065 | Lair:6   | Entered Level 6 of the Lair of Beasts
 20118 | Lair:6   | Mangled by a black mamba

Skill      XL: |  1  2  3  4  5  6  7  8  9 10 11 12 13 |
---------------+----------------------------------------+-----
Polearms       | 4 5 6 |  6.0
Conjurations   | 1 2 3 4 5 7 9 11 15 | 15.0
Fighting       | 4 5 6 8 |  8.0
Ice Magic      | 1 2 3 4 |  4.2
Spellcasting   | 4 5 8 10 14 | 14.0
Charms         | 2 3 |  3.6
Shields        | 3 4 |  4.1
Armour         | 4 6 |  6.0
Air Magic      | 4 5 6 |  6.5
Summonings     | 2 4 |  4.1
Dodging        | 4 5 |  5.6

Action                   |  1- 3 |  4- 6 |  7- 9 | 10-12 | 13-15 || total
-------------------------+-------+-------+-------+-------+-------++-------
Melee: Trident           |   128 |   302 |   136 |       |       ||   566
       Great mace        |       |       |    39 |       |       ||    39
       Spear             |       |       |    17 |    79 |    13 ||   109
       Staff             |       |       |       |     3 |    12 ||    15
 Cast: Magic Dart        |    25 |    79 |   166 |   106 |    61 ||   437
       Throw Frost       |       |    32 |    18 |    18 |       ||    68
       Iskenderun's Batt |       |       |    24 |    26 |    12 ||    62
       Throw Icicle      |       |       |     2 |    43 |    16 ||    61
       Conjure Ball Ligh |       |       |       |    53 |     9 ||    62
Evoke: Wand              |       |       |       |     3 |     1 ||     4
       Phial of floods   |       |       |       |     1 |       ||     1
       Lightning rod     |       |       |       |       |     3 ||     3
       Lamp of fire      |       |       |       |       |     1 ||     1
  Use: Scroll            |     3 |     1 |     5 |     7 |     3 ||    19
 Stab: Sleeping          |       |       |     2 |       |       ||     2
Armor: Steam dragon scal |    41 |    95 |   162 |    62 |       ||   360
       Scale mail        |       |       |       |       |    38 ||    38
Dodge: Dodged            |    91 |   205 |   278 |    64 |    49 ||   687
Block: Buckler           |       |       |     5 |    23 |    14 ||    42
